 Dungeon Crawl Stone Soup version 0.30.1-4-g462c640d31 (webtiles) character file.

Game seed: 1675570708528702345

91 rvierbuc the Chopper (level 4, -3/55 HPs)
             Began as a Demonspawn Berserker on Aug 21, 2023.
             Was a Believer of Trog.
             Slain by a hobgoblin (4 damage)
             ... on level 3 of the Dungeon.
             The game lasted 00:06:51 (1909 turns).

rvierbuc the Chopper (Demonspawn Berserker)         Turns: 1909, Time: 00:06:52

Health: -3/55      AC:  3    Str: 20    XL:     4   Next: 34%
Magic:  4/4        EV: 12    Int:  8    God:    Trog [**....]
Gold:   118        SH:  0    Dex: 12    Spells: 3/3 levels left

rFire   . . .        a - +0 hand axe
rCold   . . .        (no shield)
rNeg    . . .        b - +0 animal skin
rPois   .            (no helmet)
rElec   .            (no cloak)
rCorr   .            (no gloves)
SInv    .            (no boots)
Will    .....        (no amulet) Stlth
                     (no ring)
HPRegen 0.29/turn    (no ring)
MPRegen 0.09/turn

%: no passive effects
@: berserking, very quick
A: claws 1, rugged brown scales 1
a: Renounce Religion, Berserk, Trog's Hand


You were on level 3 of the Dungeon.
You worshipped Trog.
Trog was pleased with you.
You visited 1 branch of the dungeon, and saw 3 of its levels.

You collected 118 gold pieces.

Inventory:

Hand Weapons
 a - a +0 hand axe (weapon)
Missiles
 h - 5 poisoned darts (quivered)
Armour
 b - a +0 animal skin (worn)
Scrolls
 d - a scroll of enchant armour {unknown}
 f - a scroll of immolation
 g - a scroll of teleportation {unknown}
 i - a scroll of magic mapping {unknown}
 j - a scroll of poison {unknown}
Potions
 c - a potion of ambrosia
 e - 3 potions of curing


   Skills:
 + Level 3.6 Fighting
 + Level 3.9 Axes
 + Level 2.0 Armour
 + Level 2.3 Dodging


You had 3 spell levels left.
You didn't know any spells.
Your spell library contained the following spells:

 Spells                   Type           Power      Damage    Failure   Level
 Ignite Poison            Fire/Tmut/Pois 0%         N/A       78%         3
 Sticky Flame             Conj/Fire      0%         2d3       99%         4
 Summon Ice Beast         Ice/Summ       0%         N/A       99%         4
 Summon Mana Viper        Hex/Summ       0%         N/A       100%        5
 Monstrous Menagerie      Summ           0%         N/A       100%        7
 Ignition                 Fire           0%         3d3       100%        8


Dungeon Overview and Level Annotations

Branches:
Dungeon (3/15)

Altars:


Innate Abilities, Weirdness & Mutations

You have sharp fingernails.
You are partially covered in rugged brown scales. (AC +1, +3% HP)


Message History

The orc hits you but does no damage.
You hit the orc.
The orc is almost dead.
You hit the orc. You completely miss the orc.
The orc hits you but does no damage. The orc hits you with a +0 war axe.
The orc hits you but does no damage.
You hit the orc but do no damage.
The orc is almost dead.
You hit the orc but do no damage. x2; The orc closely misses you.
The orc misses you.
A hobgoblin comes into view.
The orc misses you.
You completely miss the orc. You hit the orc.
You kill the orc!
Trog accepts your kill.
You hit the orc.
You kill the orc!
Trog accepts your kill. The orc barely misses you.
A red film seems to cover your vision as you go berserk!
You feel yourself moving faster!
You feel mighty! The orc barely misses you. The ogre misses you.
You hit the ogre.
The ogre is lightly wounded.
You slash the orc! The orc barely misses you.
The ogre hits you with a +0 giant spiked club!!
* * * LOW HITPOINT WARNING * * *
You hit the orc but do no damage.
The orc is almost dead.
You hit the ogre. The orc hits you with a +0 dagger.
* * * LOW HITPOINT WARNING * * *
You hit the orc but do no damage.
The orc is almost dead.
You hit the ogre. You barely miss the hobgoblin.
The hobgoblin completely misses you. The ogre closely misses you.
The orc drinks a potion.
The orc is healed!
You hit the orc.
The orc is severely wounded.
You slash the ogre! You closely miss the hobgoblin. The hobgoblin hits you.
You die...

### #.. ####.##
.....# ....# ...#
#Og#.# #@o#.# #..#.#
#.)#.# #..#.# #..#.#
#..#.# #### #..#.###
##... .##......###
##...#
#...........####...<.


You could see an ogre, an orc and a hobgoblin.

Vanquished Creatures
  A gnoll (D:1)
  2 adders (D:2)
  2 dart slugs
  3 orcs (D:3)
  A bat (D:2)
  7 endoplasms
  2 giant cockroaches
  6 goblins
  4 hobgoblins
  3 jackals (D:2)
  6 kobolds
  3 quokkas
  4 ball pythons
  4 frilled lizards
  2 rats (D:2)
50 creatures vanquished.

Notes
Turn   | Place    | Note
-------+----------+-------------------------------------------
     0 | D:1      | rvierbuc the Demonspawn Berserker began the quest for the
                  | Orb.
     0 | D:1      | Reached XP level 1. HP: 18/18 MP: 1/1
    85 | D:1      | Gained mutation: You are partially covered in rugged brown
                  | scales. (AC +1, +3% HP) [demonic ancestry]
    85 | D:1      | Reached XP level 2. HP: 11/24 MP: 2/2
   716 | D:1      | Reached XP level 3. HP: 26/29 MP: 3/3
  1440 | D:2      | Gained mutation: You have sharp fingernails. [demonic
                  | ancestry]
  1440 | D:2      | Reached XP level 4. HP: 36/36 MP: 4/4
  1578 | D:2      | Reached ** piety under Trog
  1901 | D:3      | Noticed an ogre
  1906 | D:3      | HP: 1/55 [ogre/+0 giant spiked club (22)]
  1909 | D:3      | Slain by a hobgoblin

Illustrated notes

Levels and vault maps discovered:
D:1:      dpeg_arrival_stonehenge_8_columns, layout_loops_corners
D:2:      layout_loops_ring
D:3:      layout_loops_ring, eat_drink_and_be_merry_uskayaw, lemuel_tele_altar,
          amcnicky_mini_pool_small

Skill      XL: |  1  2 |
---------------+-------+-----
Axes           | 3 |  3.9
Armour         | 2 |  2.0
Dodging        | 2 |  2.3
Fighting       | |  3.6

Action                     |  1- 3 |  4- 6 || total
---------------------------+-------+-------++-------
  Melee: Hand axe          |   120 |    49 ||   169
         Punch             |     1 |       ||     1
 Invoke: Berserk           |       |     1 ||     1
    Use: Scroll            |     3 |       ||     3
 Armour: Animal skin       |    23 |     8 ||    31
  Dodge: Dodged            |    75 |    42 ||   117
